 Dungeon Crawl Stone Soup version 0.30-a0-457-g4b7bca3bfa (webtiles) character file.

Game seed: 13024698494295676567

55 bmack86 the Trooper (level 3, -7/31 (33) HPs)
             Began as a Minotaur Fighter on Dec 13, 2022.
             Mangled by Crazy Yiuf
             ... wielding a +3 quarterstaff of chaos
              (14 damage)
             ... on level 3 of the Dungeon.
             The game lasted 00:04:03 (1262 turns).

bmack86 the Trooper (Minotaur Fighter)              Turns: 1262, Time: 00:04:03

HP:   -7/31 (33)    AC:  7    Str: 24    XL:     3   Next: 67%
MP:   2/2           EV:  9    Int:  5    God:
Gold: 109           SH:  4    Dex:  9    Spells: 2/2 levels left

rFire   . . .      SeeInvis .    a - +1 war axe
rCold   + . .      Faith    .    c - +0 buckler
rNeg    . . .      Spirit   .    b - +0 scale mail
rPois   .          Reflect  .    (helmet restricted)
rElec   .          Harm     .    (no cloak)
rCorr   .          Rampage  .    (no gloves)
Will    .....                    (no boots)
Stlth   ..........               k - amulet "Caha" {RegenMP Regen+ Str+2}
HPRegen 1.05/turn                p - ring of protection from cold
MPRegen 0.48/turn                (no ring)

@: drained
A: horns 2, retaliatory headbutt
a: no special abilities


You were on level 3 of the Dungeon.
You visited 1 branch of the dungeon, and saw 3 of its levels.

You collected 109 gold pieces.

Inventory:

Hand Weapons
 a - a +1 war axe (weapon)
Armour
 b - a +0 scale mail (worn)
 c - a +0 buckler (worn)
Jewellery
 i - an amulet of regeneration
 k - the amulet "Caha" (around neck) {RegenMP Regen+ Str+2}
   (You took it off a kobold on level 2 of the Dungeon)

   [amulet of magic regeneration]

   It increases your rate of magic regeneration.
   Str:       It affects your strength (+2).
   Regen:     It increases your rate of health regeneration.
 p - a ring of protection from cold (left hand)
Scrolls
 l - a scroll of vulnerability
 o - a scroll of immolation
Potions
 d - a potion of might
 e - a potion of degeneration {unknown}
 f - a potion of brilliance {unknown}
 g - 2 potions of haste {unknown}
 h - 2 potions of heal wounds {unknown}
 j - 2 potions of curing {unknown}
 n - a potion of mutation {unknown}
 q - a potion of attraction {unknown}


   Skills:
 + Level 4.2 Fighting
 + Level 3.4 Axes
 + Level 4.2 Armour
 + Level 0.3 Dodging
 + Level 4.1 Shields


You had 2 spell levels left.
You didn't know any spells.
Your spell library was empty.

Dungeon Overview and Level Annotations

Branches:
Dungeon (3/15)

Altars:

Annotations:
D:3 Crazy Yiuf


Innate Abilities, Weirdness & Mutations

You have a pair of horns on your head.
You reflexively headbutt those who attack you in melee.


Message History

An endoplasm comes into view.
The endoplasm quivers.
The endoplasm moves out of view.
The kobold throws a poisoned dart.
You block the poisoned dart.
You barely miss the rat. The rat closely misses you. You furiously retaliate!
You headbutt the rat.
You kill the rat!
The endoplasm hits you but does no damage.
You see here a rat corpse.
You hit the endoplasm.
The endoplasm is almost dead.
The endoplasm barely misses you. You furiously retaliate!
You headbutt the endoplasm.
You kill the endoplasm!
You see here a rat corpse.
You slash the kobold!
You kill the kobold!
You feel your willpower return.
Things that are here:
a +0 dagger; 5 poisoned darts
Found a hammer.
Found a runed translucent door.
Crazy Yiuf shouts!
You open the door. You barely miss Crazy Yiuf. You headbutt Crazy Yiuf.
Crazy Yiuf is lightly wounded.
Crazy Yiuf hits you with a +3 quarterstaff of chaos!
You feel drained.
You slash Crazy Yiuf!
Crazy Yiuf is heavily wounded.
Crazy Yiuf hits you with a +3 quarterstaff of chaos!
Crazy Yiuf burns you. Crazy Yiuf completely misses you.
You closely miss Crazy Yiuf.
Crazy Yiuf is heavily wounded.
Crazy Yiuf hits you with a +3 quarterstaff of chaos.
* * * LOW HITPOINT WARNING * * *
You resist with some effort.
You barely miss Crazy Yiuf.
Crazy Yiuf is heavily wounded.
Crazy Yiuf hits you with a +3 quarterstaff of chaos!
You die...

#####
#..)#
#...#
...
#g#
##@#
#.##
##.#
#.##
##.##
#...##
#.#..#
##..##
#....#


You could see Crazy Yiuf.

Vanquished Creatures
  An adder (D:2)
  A worm (D:2)
  2 dart slugs
  5 ball pythons
  2 endoplasms
  2 giant cockroaches (D:1)
  2 goblins
  A hobgoblin (D:1)
  2 jackals (D:2)
  A quokka (D:1)
  3 bats
  4 frilled lizards
  6 kobolds
  5 rats
37 creatures vanquished.

Vanquished Creatures (others)
  4 plants (D:2)
4 creatures vanquished.

Grand Total: 41 creatures vanquished

Notes
Turn   | Place    | Note
-------+----------+-------------------------------------------
     0 | D:1      | bmack86 the Minotaur Fighter began the quest for the Orb.
     0 | D:1      | Reached XP level 1. HP: 19/19 MP: 0/0
    85 | D:1      | Reached XP level 2. HP: 25/27 MP: 1/1
   468 | D:2      | Identified the amulet "Caha" {RegenMP Regen+ Str+2}
   489 | D:2      | Reached XP level 3. HP: 33/33 MP: 2/2
  1254 | D:3      | Found a runed translucent door.
  1255 | D:3      | Noticed Crazy Yiuf
  1262 | D:3      | Mangled by Crazy Yiuf

Illustrated notes

Levels and vault maps discovered:
D:1:      dpeg_arrival_tiny_j, layout_basic, serial_park_tiny_1,
          minmay_door_square
D:2:      layout_basic, serial_forest, infiniplex_forest_lined_4_way,
          infiniplex_forest_lined_ring, infiniplex_forest_clump_C,
          infiniplex_forest_fountain, infiniplex_forest_lined_room_3,
          infiniplex_forest_3_way, kennysheep_generic_room_5
D:3:      layout_loops_ring, uniq_crazy_yiuf_cottage, uniq_robin

Skill      XL: |  1  2  3 |
---------------+----------+-----
Fighting       | 4 |  4.2
Armour         | 4 |  4.2
Shields        | 4 |  4.1
Axes           | 3 |  3.4
Dodging        | |  0.3

Action                   || total
-------------------------++-------
Melee: War axe           ||    75
       Headbutt          ||     9
  Use: Scroll            ||     4
Armor: Scale mail        ||    34
Dodge: Dodged            ||    44
Block: Buckler           ||    24

Table legend: (Time is in decaauts)
 A = Elapsed time spent in this place.
 B = Non-inter-level travel time spent in this place.
 C = Inter-level travel time spent in this place.
 D = Time resting spent in this place.
 E = Time spent auto-exploring this place.
 F = Levels seen in this place.
 G = Mean time per level.
                   A        B        C        D        E       F      G
               +--------+--------+--------+--------+--------+-----+--------+
         Total |   1291 |   1251 |     40 |      0 |    840 |   3 |  430.3 |
       Dungeon |   1291 |   1251 |     40 |      0 |    840 |   3 |  430.3 |
               +--------+--------+--------+--------+--------+-----+--------+

Top non-repeatable levels by time:
     D:2: 806 daAuts
     D:1: 448 daAuts
     D:3: 36 daAuts
